 Dungeon Crawl Stone Soup version 0.31-a0-523-g071a6c1ffa (webtiles) character file.

Game seed: 2933611171502808066

1281 GordonOverkill the Sneak (level 8, -2/42 (44) HPs)
             Began as a Vine Stalker Delver on Aug 10, 2023.
             Was an Initiate of Okawaru.
             Slain by Maggie
             ... wielding a +2 glaive of flaming
              (4 damage)
             ... on level 7 of the Dungeon.
             The game lasted 00:10:03 (4927 turns).

GordonOverkill the Sneak (Vine Stalker Delver)      Turns: 4927, Time: 00:10:04

HP:   -2/42 (44)    AC: 14    Str: 23    XL:     8   Next: 54%
MP:   0/11          EV:  9    Int: 10    God:    Okawaru [......]
Gold: 230           SH:  0    Dex: 16    Spells: 7/7 levels left

rFire   . . .        z - +1 war axe (vamp)
rCold   . . .        (no shield)
rNeg    . . .        B - +0 plate armour
rPois   .            k - +0 helmet
rElec   .            (no cloak)
rCorr   .            y - +0 pair of gloves
SInv    .            (no boots)
Will    +....        (no amulet) Stlth
                     h - +6 ring of strength
HPRegen 1.07/turn    (no ring)
MPRegen 0.12/turn

%: guardian spirit
@: heroic, mesmerised, lightly drained
A: fangs 3, regeneration 1, magic shield, antimagic bite, no potion heal 2
a: Renounce Religion


You were on level 7 of the Dungeon.
You worshipped Okawaru.
Okawaru was noncommittal.
You visited 1 branch of the dungeon, and saw 7 of its levels.

You collected 230 gold pieces.

Inventory:

Hand Weapons
 a - a +0 mace
 n - a +2 short sword of electrocution
 z - a +1 vampiric war axe (weapon)
Armour
 k - a +0 helmet (worn)
 y - a +0 pair of gloves (worn)
 B - a +0 plate armour (worn)
Jewellery
 h - a +6 ring of strength (left hand)
 w - a ring of ice
Wands
 g - a wand of digging (3)
Scrolls
 b - a scroll of blinking {unknown}
 c - a scroll of fog
 d - 3 scrolls of revelation
 e - 3 scrolls of fear
 f - a scroll of enchant armour {unknown}
 j - a scroll of poison {unknown}
 q - 2 scrolls of noise {unknown}
 r - a scroll of vulnerability
 s - a scroll of butterflies {unknown}
 u - a scroll of teleportation {unknown}
Potions
 i - 2 potions of magic
 l - a potion of resistance
 m - 3 potions of curing
 o - a potion of brilliance
 p - a potion of heal wounds {unknown}
 t - 2 potions of mutation {unknown}
 v - 3 potions of enlightenment {unknown}
 x - a potion of might {unknown}
 A - 2 potions of degeneration {unknown}


   Skills:
 + Level 5.4(10.4) Fighting
 + Level 4.4(10.8) Axes
 - Level 5.7(11.5) Maces & Flails
 - Level 1.5(6.5) Dodging
 - Level 6.0(11.0) Stealth
 + Level 3.1 Invocations


You had 7 spell levels left.
You didn't know any spells.
Your spell library contained the following spells:

 Spells                   Type           Power      Damage    Failure   Level
 Blink                    Tloc           0%         N/A       100%        2
 Manifold Assault         Tloc           0%         N/A       100%        4
 Fireball                 Conj/Fire      0%         3d3       100%        5
 Iskenderun's Battlesphe  Conj           0%         2d6       100%        5
 Conjure Ball Lightning   Conj/Air       0%         3x3d6     100%        6
 Orb of Destruction       Conj           0%         9d5       100%        7


Dungeon Overview and Level Annotations

Branches:
Dungeon (7/15)
 Temple: D:4-7

Altars:
Okawaru
Trog

Shops:
D:2 [

Annotations:
D:6 Jeremiah
D:7 Maggie


Innate Abilities, Weirdness & Mutations

You have razor-sharp teeth.
Your natural rate of healing is unusually fast.
When hurt, damage is shared between your health and your magic reserves.
Your bite disrupts and absorbs the magic of your enemies.
Potions cannot restore your health.


Message History

The orc wizard falters for a moment.
Maggie closely misses you.
You hit the orc wizard. You bite the orc wizard.
You kill the orc wizard!
Okawaru accepts your kill.
You barely miss the orc priest.
The orc throws a boomerang.
The boomerang barely misses you.
The orc priest invokes the aid of Beogh against you.
Beogh smites you!
Maggie hits you from afar with a +2 glaive of flaming.
* * * LOW HITPOINT WARNING * * *
Maggie burns you.
* * * LOW HITPOINT WARNING * * *
You barely miss the orc priest. Your bite misses the orc priest.
The orc priest mumbles some strange prayers to Beogh against you.
Pain shoots through your body!
* * * LOW HITPOINT WARNING * * *
Maggie barely misses you.
You hit the orc.
The orc is severely wounded.
You closely miss the orc priest. The orc closely misses you.
Maggie points at you and mumbles some strange words.
The bolt of fire hits the orc!
The orc dies!
The bolt of fire hits you.
* * * LOW HITPOINT WARNING * * *
The orc priest casts a cantrip, but nothing happens.
The orc hits you but does no damage.
Maggie hits you with a +2 glaive of flaming!
* * * LOW HITPOINT WARNING * * *
Maggie burns you.
* * * LOW HITPOINT WARNING * * *
You slash Maggie! Your bite misses Maggie.
Maggie is lightly wounded.
You barely miss the orc. You slash the orc priest!
The orc priest hits you but does no damage.
The orc hits you but does no damage.
Maggie hits you with a +2 glaive of flaming!
* * * LOW HITPOINT WARNING * * *
Maggie burns you.
You die...

#...# # ....#.# #
#...#.#.# ...o.... #
###..o... #.
#.....#.#
#.###+####.#..##.#
#.....o..........###.
###<.o@@...##........
###########.######.
#.# #@#
#..............
#.###.#.#######
.@.... .## #.# .. #.#


You could see Maggie (mesmerising), an orc priest and an orc.

Vanquished Creatures
  Sigmund (D:4)
  An ice beast (D:6)
  An ogre (D:4)
  A phantom (D:5)
  A kobold brigand (D:6)
  3 scorpions
  A gnoll bouda (D:6)
  3 hounds
  3 orc priests
  2 iguanas
  Natasha (thrice) (D:4)
  2 orc wizards
  Robin (D:2)
  6 gnolls
  4 adders
  A worm (D:2)
  7 dart slugs
  13 orcs
  8 ball pythons
  7 bats
  8 endoplasms
  4 giant cockroaches
  19 goblins
  7 hobgoblins
  8 jackals (D:1)
  2 quokkas
  3 frilled lizards
  11 kobolds
  7 rats
138 creatures vanquished.

Vanquished Creatures (others)
  An orc (D:7)
1 creature vanquished.

Grand Total: 139 creatures vanquished

Notes
Turn   | Place    | Note
-------+----------+-------------------------------------------
     0 | D:5      | GordonOverkill the Vine Stalker Delver began the quest for
                  | the Orb.
     0 | D:5      | Reached XP level 1. HP: 11/11 MP: 2/2
     1 | D:6      | Noticed a kobold brigand
    16 | D:5      | Noticed a scorpion
    47 | D:4      | Noticed Natasha
    81 | D:5      | Noticed an iguana
    91 | D:5      | Found a bloodstained altar of Trog.
   118 | D:5      | Noticed a hound
   209 | D:4      | Reached XP level 2. HP: 16/16 MP: 3/3
   361 | D:3      | Reached XP level 3. HP: 19/19 MP: 4/4
   783 | D:1      | Gained mutation: Your natural rate of healing is unusually
                  | fast. [Vine Stalker growth]
   783 | D:1      | Reached XP level 4. HP: 22/23 MP: 3/5
  1199 | D:2      | Found a faded altar of an unknown god.
  1383 | D:2      | Noticed Robin
  1410 | D:2      | Killed Robin
  1411 | D:2      | Reached XP level 5. HP: 27/27 MP: 4/6
  1450 | D:2      | Found Iwoifeupp's Antique Armour Shoppe.
  1878 | D:3      | Reached skill level 5 in Maces & Flails
  1905 | D:3      | Reached XP level 6. HP: 30/32 MP: 5/7
  2448 | D:4      | Noticed Sigmund
  2459 | D:4      | Killed Sigmund
  2460 | D:4      | Reached XP level 7. HP: 36/36 MP: 6/8
  2561 | D:4      | Killed Natasha
  2720 | D:4      | Noticed Natasha
  2728 | D:4      | Killed Natasha
  2870 | D:4      | Found an iron altar of Okawaru.
  2920 | D:4      | Noticed Natasha
  2952 | D:4      | Killed Natasha
  3077 | D:4      | Became a worshipper of Warmaster Okawaru
  3734 | D:5      | Reached skill level 1 in Invocations
  4254 | D:5      | Gained mutation: You have razor-sharp teeth. [Vine Stalker
                  | growth]
  4254 | D:5      | Reached XP level 8. HP: 42/42 MP: 8/10
  4331 | D:6      | Noticed Jeremiah
  4680 | D:6      | Reached skill level 5 in Fighting
  4735 | D:6      | Identified the +1 dagger of the Red Skies {pain, Str+3}
  4836 | D:6      | Reached * piety under Okawaru
  4904 | D:7      | Noticed Maggie
  4927 | D:7      | HP: 2/42 [Maggie/+2 glaive of flaming (8)]
  4927 | D:7      | Slain by Maggie

Illustrated notes

Levels and vault maps discovered:
D:1:      dpeg_arrival_tiny_i, layout_rooms, skrybe_limestone_x
D:2:      layout_basic, serial_shops, shop, nicolae_ecumenical_lake_church,
          uniq_robin
D:3:      layout_basic
D:4:      layout_cave_pools, marbit_many_paths, uniq_natasha, uniq_sigmund
D:5:      layout_layer_cave, general_overflow_altar
D:6:      layout_loops_ring, uniq_jeremiah
D:7:      layout_basic, temple_hall, enter_bailey_5, uniq_maggie

Skill      XL: |  1  2  3  4  5  6  7  8 |
---------------+-------------------------+-----
Maces & Flails | 2 3 4 5 |  5.7
Fighting       | 3 4 5 |  5.4
Axes           | 2 3 4 |  4.4
Invocations    | 1 3 |  3.1
Dodging        | |  1.5
Stealth        | |  6.0

Action                     |  1- 3 |  4- 6 |  7- 9 || total
---------------------------+-------+-------+-------++-------
  Melee: Mace              |    76 |    79 |       ||   155
         Bite              |    10 |    34 |    50 ||    94
         Punch             |     2 |     2 |     1 ||     5
         Short sword       |       |    56 |       ||    56
         War axe           |       |    18 |   138 ||   156
 Invoke: Heroism           |       |       |     1 ||     1
    Use: Potion            |     1 |       |     1 ||     2
         Scroll            |       |     3 |     2 ||     5
   Stab: Sleeping          |     7 |     6 |     4 ||    17
         Fleeing           |       |       |     1 ||     1
 Armour: Leather armour    |    23 |    27 |       ||    50
         Ring mail         |       |    23 |       ||    23
         Scale mail        |       |    14 |    12 ||    26
         Plate armour      |       |       |    47 ||    47
  Dodge: Dodged            |    40 |   125 |    48 ||   213

Table legend: (Time is in decaauts)
 A = Elapsed time spent in this place.
 B = Non-inter-level travel time spent in this place.
 C = Inter-level travel time spent in this place.
 D = Time resting spent in this place.
 E = Time spent auto-exploring this place.
 F = Levels seen in this place.
 G = Mean time per level.
                   A        B        C        D        E       F      G
               +--------+--------+--------+--------+--------+-----+--------+
         Total |   4987 |   4549 |    438 |    245 |   3022 |   7 |  712.4 |
       Dungeon |   4987 |   4549 |    438 |    245 |   3022 |   7 |  712.4 |
               +--------+--------+--------+--------+--------+-----+--------+

Top non-repeatable levels by time:
     D:5: 1533 daAuts
     D:4: 823 daAuts
     D:2: 742 daAuts
     D:3: 705 daAuts
     D:1: 693 daAuts
     D:6: 438 daAuts
     D:7: 49 daAuts
